[Event "Titled Tuesday Blitz November 07 Early 2023"]
[White "amanmuhammethommadov"]
[Black "Ghosh, Chanchal Kumer"]
[BlackFideId "10201858"]
[WhiteElo "2665"]
[BlackElo "1970"]
[Result "1-0"]
[Round "2"]
[TimeControl "180+1"]
[Date "2023.11.07"]
[WhiteClock "0:02:17"]
[BlackClock "0:00:11"]
[Board "115"]

1. e4 c5 2. Nf3 d6 3. d4 cxd4 4. Nxd4 Nf6 5. Nc3 a6 6. Bg5 e5 7. Nf5 Bxf5 8. Bxf6 Qxf6 9. Nd5 Qd8 10. exf5 Nd7 11. Bc4 b5 12. Bb3 Nf6 13. O-O Be7 14. a4 Rb8 15. axb5 axb5 16. Ra7 Nxd5 17. Qxd5 O-O 18. Rfa1 b4 19. R1a6 Rc8 20. Rb7 Rc5 21. Qd3 d5 22. Raa7 Bf6 23. Rd7 e4 24. Qd1 Qb6 25. Bxd5 Bxb2 26. Rxf7 Rxf7 27. Ra8+ 1-0


[Site "https://www.chess.com"]

[Event "Titled Tuesday Blitz November 07 Early 2023"]
[White "Thake, Conrad"]
[Black "Kleiman, Jake"]
[WhiteFideId "5602947"]
[BlackFideId "2020041"]
[WhiteElo "1809"]
[BlackElo "2665"]
[Result "0-1"]
[Round "2"]
[TimeControl "180+1"]
[Date "2023.11.07"]
[WhiteClock "0:00:44"]
[BlackClock "0:00:51"]
[Board "116"]

1. c4 e6 2. Nc3 Bb4 3. d4 Nf6 4. Nf3 c5 5. d5 exd5 6. cxd5 O-O 7. Bg5 h6 8. Bh4 d6 9. a3 Bxc3+ 10. bxc3 Nbd7 11. e3 Qa5 12. Bxf6 Nxf6 13. Qd3 Nxd5 14. Rc1 Qxa3 15. Qd2 Bf5 16. Be2 Nf6 17. O-O d5 18. Nh4 Bh7 19. Ra1 Qb3 20. Bd3 Bxd3 21. Qxd3 Qb6 22. Rfb1 Qc7 23. Nf5 Rfd8 24. Ra2 a6 25. Rab2 b5 26. Qe2 Qd7 27. Qf3 Qe6 28. Re2 Ne4 29. Rc1 a5 30. Qg4 Qf6 31. f3 Nd6 32. Nxd6 Rxd6 33. e4 Re8 34. Rce1 Rde6 35. exd5 Rxe2 36. Rxe2 Rxe2 37. Qc8+ Kh7 38. Qxc5 Qg5 39. g3 Qc1# 0-1


[Site "https://www.chess.com"]

[Event "Titled Tuesday Blitz November 07 Early 2023"]
[White "Elsa167"]
[Black "Khamdamova, Afruza"]
[BlackFideId "14210444"]
[WhiteElo "2994"]
[BlackElo "2510"]
[Result "1-0"]
[Round "2"]
[TimeControl "180+1"]
[Date "2023.11.07"]
[WhiteClock "0:00:53"]
[BlackClock "0:00:44"]
[Board "117"]

1. d4 Nf6 2. c4 e6 3. Nf3 d5 4. Nc3 Be7 5. g3 O-O 6. Bg2 dxc4 7. Ne5 c5 8. dxc5 Qxd1+ 9. Nxd1 Bxc5 10. Nxc4 Nc6 11. Be3 Bxe3 12. Ndxe3 Bd7 13. O-O Rfd8 14. Rfd1 Rab8 15. Nd6 b6 16. Rac1 Ne7 17. Rc7 Ned5 18. Nxd5 exd5 19. Rxa7 Be6 20. Nb5 Rdc8 21. Nd4 Ra8 22. Rxa8 Rxa8 23. a3 Rc8 24. e3 Kf8 25. f3 Ke7 26. Kf2 Nd7 27. Bf1 Ne5 28. Ke1 Bd7 29. Be2 Nc4 30. Bxc4 dxc4 31. Kd2 b5 32. e4 Rd8 33. Kc3 Be8 34. Nf5+ 1-0


[Site "https://www.chess.com"]

[Event "Titled Tuesday Blitz November 07 Early 2023"]
[White "Molenda, Marcin"]
[Black "Makhnev, Denis"]
[WhiteFideId "1173065"]
[BlackFideId "13707647"]
[WhiteElo "2517"]
[BlackElo "2922"]
[Result "0-1"]
[Round "2"]
[TimeControl "180+1"]
[Date "2023.11.07"]
[WhiteClock "0:00:00"]
[BlackClock "0:00:23"]
[Board "118"]

1. d4 d5 2. c4 e6 3. Nf3 c6 4. e3 Nf6 5. Bd3 dxc4 6. Bxc4 Nbd7 7. O-O Bd6 8. Nc3 b5 9. Bd3 O-O 10. Ng5 Bb7 11. a3 a5 12. Nce4 Be7 13. Nxf6+ Nxf6 14. Qf3 h6 15. Ne4 Nd7 16. Bd2 Qb6 17. b4 axb4 18. axb4 Rad8 19. Nc5 Bc8 20. Bc3 Qc7 21. Be4 Nb8 22. Rfc1 Bd6 23. h4 e5 24. Ra8 exd4 25. Bxd4 Be5 26. Bxe5 Qxe5 27. Qf4 Qxf4 28. exf4 Nd7 29. Rxc8 Rxc8 30. Nxd7 Rfd8 31. Ne5 Rd4 32. f3 Rxb4 33. Nxc6 Kf8 34. Rd1 Rxe4 35. fxe4 Rxc6 36. Rd8+ Ke7 37. Rb8 Rc1+ 38. Kf2 Rb1 39. Kf3 g6 40. Rb6 b4 41. f5 b3 42. fxg6 fxg6 43. Rxg6 b2 0-1


[Site "https://www.chess.com"]

[Event "Titled Tuesday Blitz November 07 Early 2023"]
[White "dodoucb"]
[Black "Melkumyan, Hrant"]
[BlackFideId "13302485"]
[WhiteElo "2480"]
[BlackElo "2886"]
[Result "0-1"]
[Round "2"]
[TimeControl "180+1"]
[Date "2023.11.07"]
[WhiteClock "0:00:17"]
[BlackClock "0:01:16"]
[Board "119"]

1. d4 d5 2. Nf3 Nf6 3. c4 e6 4. Nc3 Nbd7 5. Bg5 Be7 6. e3 h6 7. Bh4 O-O 8. Bd3 a6 9. cxd5 exd5 10. O-O Re8 11. Rc1 c6 12. a3 Nf8 13. Ne5 N6d7 14. Bg3 Nxe5 15. Bxe5 Bd6 16. Bxd6 Qxd6 17. Bb1 g6 18. Na4 Nd7 19. b4 Nf6 20. Nc5 Re7 21. Re1 h5 22. f3 b6 23. Nd3 a5 24. Qd2 axb4 25. axb4 Ba6 26. Ne5 Rc8 27. f4 Bb5 28. f5 Ne4 29. Bxe4 dxe4 30. fxg6 Rxe5 31. gxf7+ Kf8 32. Qf2 Rg5 33. Qh4 Qg6 0-1


[Site "https://www.chess.com"]

[Event "Titled Tuesday Blitz November 07 Early 2023"]
[White "Alexandre, Anne Shopie Elizabeth"]
[Black "Grossboss19"]
[WhiteFideId "11902418"]
[WhiteElo "2862"]
[BlackElo "2500"]
[Result "1-0"]
[Round "2"]
[TimeControl "180+1"]
[Date "2023.11.07"]
[WhiteClock "0:00:12"]
[BlackClock "0:00:01"]
[Board "120"]

1. e4 c6 2. d4 d5 3. Nc3 e6 4. Nf3 dxe4 5. Nxe4 Be7 6. Bd3 Nf6 7. O-O Nxe4 8. Bxe4 Nd7 9. c4 O-O 10. Bc2 Re8 11. Qd3 Nf8 12. Rd1 Bf6 13. Rb1 g6 14. b4 b6 15. a4 Bb7 16. Bf4 Rc8 17. h3 Ba8 18. Qe2 g5 19. Bh2 Ng6 20. Ne5 Qe7 21. Be4 Bg7 22. Nxg6 hxg6 23. c5 e5 24. Qc4 b5 25. Qa2 exd4 26. Bxg6 Qf6 27. Bd3 a6 28. Bg3 Qh6 29. Qc2 Be5 30. Bxe5 Rxe5 31. Re1 Rce8 32. Rxe5 Rxe5 33. Ra1 Bb7 34. axb5 cxb5 35. Qb2 Qc6 36. Bf1 Qd5 37. Rd1 Re4 38. Qd2 Qe5 39. f3 Rf4 40. Re1 Qf6 41. Re8+ Kg7 42. Qd3 Bd5 43. Re1 Bc4 44. Qd2 d3 45. Bxd3 Rd4 46. Re3 Qf4 47. Qe2 Rxd3 48. Rxd3 Bxd3 49. Qxd3 Qxb4 50. Qf5 Qe1+ 51. Kh2 Qc1 52. Qe5+ f6 53. Qe7+ Kg6 54. Qe4+ Kf7 55. Qd5+ Kg7 56. Qd7+ Kg6 57. c6 Qf4+ 58. Kg1 Qc1+ 59. Kf2 Qc2+ 60. Ke3 Qc5+ 61. Kd3 Qc4+ 62. Kd2 Qb4+ 63. Ke3 Qc5+ 64. Ke4 Qc2+ 65. Kd4 Qd2+ 66. Kc5 Qc3+ 67. Kd6 b4 68. c7 Qd4+ 69. Kc6 Qc4+ 70. Kb7 Qb5+ 71. Qxb5 axb5 72. c8=Q 1-0


[Site "https://www.chess.com"]

[Event "Titled Tuesday Blitz November 07 Early 2023"]
[White "Perez Rodriguez, Jennifer"]
[Black "Timofeev, Artyom"]
[WhiteFideId "3507831"]
[BlackFideId "4140419"]
[WhiteElo "2448"]
[BlackElo "2848"]
[Result "0-1"]
[Round "2"]
[TimeControl "180+1"]
[Date "2023.11.07"]
[WhiteClock "0:01:22"]
[BlackClock "0:02:08"]
[Board "121"]

1. e4 c6 2. Nc3 d5 3. Nf3 dxe4 4. Nxe4 Nf6 5. Qe2 Bf5 6. Nxf6+ gxf6 7. d4 h5 8. Bf4 Nd7 9. O-O-O Qa5 10. Kb1 O-O-O 11. Qd2 Qxd2 12. Rxd2 h4 13. Bc4 e6 14. Bd3 Bxd3 15. Rxd3 Nb6 16. h3 Nd5 17. Bd2 Bd6 18. c4 Nf4 19. Bxf4 Bxf4 20. Kc2 Rdg8 21. Ne1 f5 22. d5 Kc7 23. dxe6 fxe6 24. Kd1 e5 25. Ke2 e4 26. Rd2 Bxd2 27. Kxd2 f4 28. Ke2 Rg5 0-1


[Site "https://www.chess.com"]

[Event "Titled Tuesday Blitz November 07 Early 2023"]
[White "Molina, Roberto Junio Brito"]
[Black "Devaev, Alexander"]
[WhiteFideId "2109450"]
[BlackFideId "4169395"]
[WhiteElo "2804"]
[BlackElo "2473"]
[Result "1-0"]
[Round "2"]
[TimeControl "180+1"]
[Date "2023.11.07"]
[WhiteClock "0:00:54"]
[BlackClock "0:01:03"]
[Board "122"]

1. e4 c6 2. d4 d5 3. exd5 cxd5 4. Bd3 Nc6 5. c3 Qc7 6. Ne2 g6 7. Bf4 Qd8 8. Nd2 Bf5 9. Bxf5 gxf5 10. Qb3 Qd7 11. Nf3 e6 12. O-O Nf6 13. Ne5 Nxe5 14. Bxe5 Be7 15. Nf4 O-O 16. Nd3 b6 17. Rae1 Ne4 18. Re2 Rae8 19. f3 Nd6 20. Qd1 Bg5 21. Qe1 f6 22. Qg3 Nf7 23. Bxf6 h6 24. h4 Kh7 25. hxg5 Rg8 26. Ne5 Nxe5 27. Qxe5 hxg5 28. g4 Kg6 29. f4 gxf4 30. g5 Kf7 31. Rh2 Kf8 32. Qxf4 Rc8 33. Rf3 Qf7 34. Qd6+ Ke8 35. Re2 Qxf6 36. Rxe6+ 1-0


[Site "https://www.chess.com"]

[Event "Titled Tuesday Blitz November 07 Early 2023"]
[White "Gharibyan, Mamikon"]
[Black "Muhammad Shahzeb"]
[WhiteFideId "13308300"]
[BlackFideId "7804806"]
[WhiteElo "2758"]
[BlackElo "2406"]
[Result "1-0"]
[Round "2"]
[TimeControl "180+1"]
[Date "2023.11.07"]
[WhiteClock "0:00:14"]
[BlackClock "0:00:00"]
[Board "123"]

1. e4 d5 2. exd5 Nf6 3. Nc3 Nxd5 4. Bc4 Nxc3 5. Qf3 e6 6. bxc3 Nc6 7. d4 Bd6 8. Ne2 O-O 9. O-O e5 10. Be3 Qh4 11. Qg3 Qh5 12. dxe5 Bxe5 13. Nf4 Qf5 14. Bd3 Qg4 15. Qxg4 Bxg4 16. Rab1 Bc8 17. c4 Nd4 18. Nd5 Nc6 19. Rfe1 b6 20. Be4 Bb7 21. Ne7+ Nxe7 22. Bxb7 Rab8 23. Bf3 Bd6 24. c3 Nf5 25. Bc1 Rfe8 26. Bd2 g6 27. g3 h5 28. Kg2 Rxe1 29. Rxe1 Ng7 30. Bd5 Re8 31. Rd1 Re2 32. Kf3 Re8 33. Be3 Nf5 34. Bg5 Kg7 35. h3 f6 36. Bc1 Ne7 37. Re1 Rd8 38. a4 Nxd5 39. cxd5 Rd7 40. c4 Kf7 41. Bb2 Rd8 42. Re6 Be7 43. Ke4 Rd6 44. Rxd6 Bxd6 45. g4 hxg4 46. hxg4 g5 47. Kf5 Be7 48. Bc1 Bd6 49. Bb2 Be7 50. Bc3 Bd8 51. a5 a6 52. f3 bxa5 53. Bxa5 Ke7 54. c5 Kf7 55. d6 1-0


[Site "https://www.chess.com"]

[Event "Titled Tuesday Blitz November 07 Early 2023"]
[White "Bychkov, Vladimir"]
[Black "Atakhan, Abtin"]
[WhiteFideId "24151513"]
[BlackFideId "22502203"]
[WhiteElo "2427"]
[BlackElo "2705"]
[Result "0-1"]
[Round "2"]
[TimeControl "180+1"]
[Date "2023.11.07"]
[WhiteClock "0:00:44"]
[BlackClock "0:01:41"]
[Board "124"]

1. e4 c6 2. d4 d5 3. exd5 cxd5 4. Bd3 Nf6 5. c3 Bg4 6. Qb3 Qc7 7. h3 Bd7 8. Ne2 Bc6 9. Bf4 Qd7 10. Nd2 e6 11. Nf3 Bd6 12. Bxd6 Qxd6 13. Ne5 Nbd7 14. f4 O-O 15. O-O Rab8 16. Ng3 b5 17. Nxd7 Bxd7 18. Rae1 b4 19. Qc2 bxc3 20. bxc3 Rfc8 21. Re5 Qa3 22. Nh5 Rxc3 23. Nxf6+ gxf6 24. Bxh7+ Kg7 25. Qf2 fxe5 26. fxe5 Qe7 27. Bb1 Bb5 28. Re1 Qg5 29. Qb2 Bf1 30. Qf2 Bxg2 31. Qxg2 Rg3 0-1


[Site "https://www.chess.com"]

[Event "Titled Tuesday Blitz November 07 Early 2023"]
[White "Kaminski, Victor"]
[Black "Kosteniuk, Alexandra"]
[WhiteFideId "1131630"]
[BlackFideId "4128125"]
[WhiteElo "2390"]
[BlackElo "2697"]
[Result "0-1"]
[Round "2"]
[TimeControl "180+1"]
[Date "2023.11.07"]
[WhiteClock "0:02:21"]
[BlackClock "0:02:17"]
[Board "125"]

1. d4 f5 2. Bg5 h6 3. Bh4 g5 4. Bg3 Bg7 5. e3 c5 6. Qh5+ Kf8 7. c3 Nf6 8. Qd1 d5 9. Nf3 Nc6 10. h4 g4 11. Ne5 Nxe5 12. Bxe5 0-1


[Site "https://www.chess.com"]

[Event "Titled Tuesday Blitz November 07 Early 2023"]
[White "marik_spb"]
[Black "Krallis, Christos"]
[BlackFideId "4298896"]
[WhiteElo "2395"]
[BlackElo "2692"]
[Result "0-1"]
[Round "2"]
[TimeControl "180+1"]
[Date "2023.11.07"]
[WhiteClock "0:00:03"]
[BlackClock "0:00:36"]
[Board "126"]

1. d4 Nf6 2. c4 c6 3. Nf3 d5 4. Nc3 e6 5. g3 Nbd7 6. Bg2 Be7 7. O-O O-O 8. Qc2 b6 9. Rd1 Bb7 10. e4 Rc8 11. e5 Ne8 12. h4 h6 13. Be3 Nc7 14. Qd2 f5 15. exf6 Bxf6 16. Re1 c5 17. Rad1 dxc4 18. dxc5 Nxc5 19. Bxc5 bxc5 20. Na4 Qxd2 21. Nxd2 Bd5 22. Ne4 Bxe4 23. Bxe4 Bd4 24. Re2 Nb5 25. Kg2 Nd6 26. Bg6 Rf6 27. Bc2 e5 28. b3 Rcf8 29. f4 exf4 30. bxc4 f3+ 31. Kf1 fxe2+ 32. Kxe2 Rf2+ 33. Kd3 R8f3# 0-1


[Site "https://www.chess.com"]

[Event "Titled Tuesday Blitz November 07 Early 2023"]
[White "Ambartsumova, Karina"]
[Black "Matthes, Aaron"]
[WhiteFideId "4166299"]
[BlackFideId "16227310"]
[WhiteElo "2609"]
[BlackElo "2350"]
[Result "1-0"]
[Round "2"]
[TimeControl "180+1"]
[Date "2023.11.07"]
[WhiteClock "0:00:33"]
[BlackClock "0:00:06"]
[Board "128"]

1. d4 d5 2. c4 e6 3. Nc3 Nf6 4. cxd5 exd5 5. Bg5 Be7 6. e3 c6 7. Bd3 O-O 8. Qc2 Nbd7 9. h3 h6 10. Bf4 Ne8 11. Nf3 Bd6 12. O-O Bxf4 13. exf4 Nd6 14. Ne5 Nf6 15. Rad1 Nh5 16. Ne2 Qf6 17. Qd2 Qe7 18. g4 Nf6 19. Ng3 Nfe4 20. Qe3 Nxg3 21. Qxg3 Ne4 22. Qg2 Qb4 23. Bxe4 dxe4 24. b3 f6 25. Ng6 Re8 26. f5 b6 27. Rfe1 Bd7 28. Rxe4 Rxe4 29. Qxe4 Re8 30. Qf4 c5 31. d5 Re1+ 32. Rxe1 Qxe1+ 33. Kh2 Qd1 34. Qd6 Kh7 35. Qf8 1-0


[Site "https://www.chess.com"]

[Event "Titled Tuesday Blitz November 07 Early 2023"]
[White "Tasev, Dejan"]
[Black "Sailer, Mike"]
[WhiteFideId "936618"]
[BlackFideId "2012901"]
[WhiteElo "2604"]
[BlackElo "2072"]
[Result "1-0"]
[Round "2"]
[TimeControl "180+1"]
[Date "2023.11.07"]
[WhiteClock "0:00:13"]
[BlackClock "0:00:00"]
[Board "129"]

1. e4 d5 2. exd5 Qxd5 3. Nc3 Qd6 4. Bc4 c6 5. Bb3 Nf6 6. Nge2 Bf5 7. d4 e6 8. Bf4 Qd8 9. a3 a5 10. Qd2 Bd6 11. O-O O-O 12. Ng3 Bg6 13. Bxd6 Qxd6 14. f4 h6 15. f5 exf5 16. Nxf5 Bxf5 17. Rxf5 Nbd7 18. Raf1 b5 19. h3 a4 20. Ba2 b4 21. axb4 Qxb4 22. R1f3 a3 23. bxa3 Rxa3 24. Bb3 Ra1+ 25. Kh2 Qd6+ 26. Rg3 Kh8 27. Qd3 Re8 28. Ne2 Qe7 29. Rf2 Re1 30. Bc4 Nb6 31. Ba6 Nbd5 32. c3 Ne4 33. Rff3 Nxg3 34. Nxg3 Ra1 35. Bc4 Qe1 36. Rf1 Qxf1 37. Nxf1 Ree1 38. Bxd5 cxd5 39. Kg1 h5 40. Kf2 h4 41. Nh2 Rh1 42. Nf3 Ra2+ 43. Nd2 Rh2 44. Qe3 Rh1 45. Kf3 Rd1 46. Nb3 Rf1+ 47. Kg4 Rxg2+ 48. Kxh4 g5+ 49. Kh5 Rf6 50. h4 Kg7 51. hxg5 Rg6 52. Qe5+ Kg8 53. Nc5 Rg7 54. Qb8+ Kh7 55. Qe5 Rh2+ 56. Qxh2 1-0


[Site "https://www.chess.com"]

[Event "Titled Tuesday Blitz November 07 Early 2023"]
[White "Shubenkova, Veronika"]
[Black "LeoWin2012"]
[WhiteFideId "44124040"]
[WhiteElo "2525"]
[BlackElo "2288"]
[Result "1-0"]
[Round "2"]
[TimeControl "180+1"]
[Date "2023.11.07"]
[WhiteClock "0:01:35"]
[BlackClock "0:00:08"]
[Board "130"]

1. e4 c5 2. Nc3 d6 3. g3 Nc6 4. Bg2 g6 5. d3 Bg7 6. f4 e6 7. Nf3 Nge7 8. Be3 O-O 9. O-O a6 10. Rb1 b5 11. Ne2 Qa5 12. a3 b4 13. axb4 Qxb4 14. c3 Qb5 15. d4 cxd4 16. Nexd4 Nxd4 17. Bxd4 Rd8 18. Bxg7 Kxg7 19. Qd4+ Kg8 20. Qf6 Qe8 21. Ng5 Bb7 22. h4 d5 23. h5 dxe4 24. h6 Qf8 25. Bxe4 Bxe4 26. Nxe4 Nf5 27. Qe5 Qxh6 28. Nf6+ Kf8 29. Ne4 Qg7 30. Qc5+ Kg8 31. Rbd1 Qf8 32. Qe5 Qg7 33. Qc7 h5 34. Rxd8+ Rxd8 35. Qxd8+ Kh7 36. Qd7 Kh6 1-0


[Site "https://www.chess.com"]

[Event "Titled Tuesday Blitz November 07 Early 2023"]
[White "Kochiev, Ivan"]
[Black "ssgm49"]
[WhiteFideId "2917890"]
[WhiteElo "2524"]
[BlackElo "2048"]
[Result "1-0"]
[Round "2"]
[TimeControl "180+1"]
[Date "2023.11.07"]
[WhiteClock "0:00:02"]
[BlackClock "0:00:00"]
[Board "131"]

1. e4 e5 2. Nf3 Nc6 3. d4 exd4 4. Bc4 Nf6 5. O-O Nxe4 6. Nc3 Nxc3 7. bxc3 d5 8. Bd3 Be7 9. cxd4 O-O 10. h3 h6 11. Rb1 Nb4 12. c3 Nxd3 13. Qxd3 Bd6 14. Re1 Re8 15. Ne5 f6 16. Bxh6 fxe5 17. Qg6 Bf8 18. Bg5 Qd7 19. dxe5 Qf7 20. Qxf7+ Kxf7 21. f4 Bc5+ 22. Kh2 b6 23. Rbd1 c6 24. g4 Ba6 25. f5 Kg8 26. e6 Be7 27. Bf4 Bf6 28. Re3 Rad8 29. g5 d4 30. gxf6 dxe3 31. f7+ Kf8 32. fxe8=Q+ Kxe8 33. Re1 Bd3 34. Rxe3 Bxf5 35. e7 Rd7 36. Bg5 1-0


[Site "https://www.chess.com"]

[Event "Titled Tuesday Blitz November 07 Early 2023"]
[White "a-z30"]
[Black "Samarth J Rao"]
[BlackFideId "46652370"]
[WhiteElo "2522"]
[BlackElo "2036"]
[Result "0-1"]
[Round "2"]
[TimeControl "180+1"]
[Date "2023.11.07"]
[WhiteClock "0:00:00"]
[BlackClock "0:00:01"]
[Board "132"]

1. d3 Nf6 2. Nf3 g6 3. g3 Bg7 4. Bg2 O-O 5. O-O d5 6. c4 d4 7. b4 c5 8. b5 Re8 9. a4 e5 10. Bg5 a5 11. Ra2 Ra7 12. e3 b6 13. exd4 cxd4 14. c5 bxc5 15. Rc2 Qd6 16. Nbd2 Be6 17. Re1 Nbd7 18. Nc4 Bxc4 19. Rxc4 Nb6 20. Rc1 Nfd5 21. Bd2 f5 22. Qb3 e4 23. dxe4 c4 24. Rxc4 Nxc4 25. Qxc4 fxe4 26. Nxd4 Kh8 27. Rxe4 Rxe4 28. Bxe4 Nb6 29. Qc6 Qxc6 30. Nxc6 Rd7 31. Bxa5 Nxa4 32. b6 Nc5 33. Bf3 Nb7 34. Bb4 Bf6 35. Na5 Nxa5 36. Bxa5 Rd3 37. b7 Be5 38. Kg2 Rb3 39. Bd2 Kg7 40. Be3 Kf6 41. h4 Ke6 42. Ba7 Kd7 43. Bd5 Rb5 44. f4 Bd6 45. Be4 Rb2+ 46. Kf3 Rb3+ 47. Ke2 Rb4 48. Kd3 Rb3+ 49. Kc4 Rb4+ 50. Kd3 Rb3+ 51. Kc2 Rb4 52. Bf3 Rb5 53. Kc3 Ra5 0-1


[Site "https://www.chess.com"]

[Event "Titled Tuesday Blitz November 07 Early 2023"]
[White "Tsydypov, Zhamsaran"]
[Black "Horak, Martin"]
[WhiteFideId "4108566"]
[BlackFideId "367095"]
[WhiteElo "3007"]
[BlackElo "2519"]
[Result "1-0"]
[Round "2"]
[TimeControl "180+1"]
[Date "2023.11.07"]
[WhiteClock "0:01:25"]
[BlackClock "0:00:04"]
[Board "133"]

1. d4 Nf6 2. c4 c5 3. Nf3 cxd4 4. Nxd4 e5 5. Nc2 d5 6. cxd5 Qxd5 7. Qxd5 Nxd5 8. e4 Nb4 9. Ne3 Be6 10. a3 N4c6 11. Nc3 Nd4 12. Nb5 Nxb5 13. Bxb5+ Nc6 14. O-O O-O-O 15. Bxc6 bxc6 16. b4 Be7 17. Bb2 f6 18. Rac1 Kb7 19. Rc2 Rc8 20. Rfc1 Rhd8 21. g3 Bf8 22. h4 h5 23. Kf1 Rc7 24. Ke2 Rdc8 25. f4 exf4 26. gxf4 c5 27. b5 c4 28. Kf3 Kb6 29. a4 Bb4 30. Bd4+ Ka5 31. Rb1 Bc5 32. Bc3+ Kb6 33. a5+ Kb7 34. a6+ Kb8 35. Ba5 Rd7 36. Nd5 Bxd5 37. exd5 Rxd5 38. Rxc4 Bb6 39. Rxc8+ Kxc8 40. Bxb6 axb6 41. Ke4 Rc5 42. Rg1 Rxb5 43. Rxg7 Kb8 44. Rf7 Rb1 45. Kf5 Rh1 46. Kxf6 Rxh4 47. Rb7+ Ka8 48. f5 Rh1 49. Kg5 h4 50. f6 Rf1 51. Rh7 h3 52. Rxh3 Ka7 53. Rh4 Rxf6 54. Kxf6 Kxa6 55. Ke5 Ka5 56. Kd4 b5 57. Kc3 b4+ 58. Rxb4 1-0


[Site "https://www.chess.com"]

[Event "Titled Tuesday Blitz November 07 Early 2023"]
[White "Perez Cruz, Adianet"]
[Black "Rasulov, Vugar"]
[WhiteFideId "3510115"]
[BlackFideId "13402390"]
[WhiteElo "1937"]
[BlackElo "2972"]
[Result "1/2-1/2"]
[Round "2"]
[TimeControl "180+1"]
[Date "2023.11.07"]
[WhiteClock "0:00:27"]
[BlackClock "0:00:20"]
[Board "134"]

1. d4 a6 2. Nf3 b5 3. Bf4 Bb7 4. c3 g6 5. Nbd2 Bg7 6. a3 d6 7. e4 Nf6 8. Bd3 O-O 9. h3 Nbd7 10. Qe2 c5 11. O-O Nh5 12. Bh2 cxd4 13. cxd4 e5 14. dxe5 dxe5 15. Rfd1 Qe7 16. Rac1 Rac8 17. Bb1 Nf4 18. Bxf4 exf4 19. Nb3 Nb6 20. Na5 Ba8 21. Rxc8 Rxc8 22. Qd2 h5 23. b4 Na4 24. Qxf4 Nc3 25. Re1 Nxb1 26. Rxb1 Qxe4 27. Qxe4 Bxe4 28. Rb3 Rc3 29. Rxc3 Bxc3 30. Ng5 Bd5 31. Nf3 Bb2 32. Ne1 Bxa3 33. Nc2 Bb2 34. Ne3 Be4 35. Nb3 Bc3 36. Nc5 Bc6 37. Nxa6 f5 38. Nb8 Be8 39. Nd5 Be5 40. Na6 Kf7 41. Nac7 Bc6 42. Kf1 g5 43. Ke2 g4 44. hxg4 hxg4 45. g3 Bd6 46. Ke3 Kg6 47. Kd4 Kf7 48. Kc3 Be5+ 49. Kd3 Bd6 50. Kc3 Bf8 51. Kd3 Bg7 52. Ke3 Bh6+ 53. Kd4 Bd2 54. Kd3 Be1 55. Ke2 Bxb4 56. Nxb4 Bb7 57. Kd3 Kf6 58. Kd4 Bc8 59. Nxb5 Bd7 60. Nd6 Be6 61. Nc4 f4 62. gxf4 Kf5 63. Nd6+ Kxf4 64. Nd3+ Kf3 65. Ke5 Bb3 66. Ne4 Bc2 67. Ng5+ Ke2 68. Kf4 Bxd3 69. Kxg4 Kxf2 1/2-1/2


[Site "https://www.chess.com"]

[Event "Titled Tuesday Blitz November 07 Early 2023"]
[White "Galchenko, Matvey"]
[Black "Idnani, Taran"]
[WhiteFideId "24175480"]
[BlackFideId "2071002"]
[WhiteElo "2948"]
[BlackElo "2406"]
[Result "1-0"]
[Round "2"]
[TimeControl "180+1"]
[Date "2023.11.07"]
[WhiteClock "0:01:15"]
[BlackClock "0:01:25"]
[Board "135"]

1. e4 c5 2. Nc3 Nc6 3. Bb5 d6 4. f4 g6 5. Nf3 Bg7 6. Bxc6+ bxc6 7. O-O e6 8. d3 Ne7 9. Qe1 O-O 10. Qh4 f5 11. Bd2 e5 12. fxe5 dxe5 13. Bg5 Re8 14. Rae1 f4 15. Bf6 Qd6 16. Bg5 Be6 17. b3 Nc8 18. Na4 Nb6 19. Nb2 Nd7 20. Nc4 Qf8 21. g3 h6 22. gxf4 hxg5 23. Nxg5 Bxc4 24. Qh7# 1-0


[Site "https://www.chess.com"]

[Event "Titled Tuesday Blitz November 07 Early 2023"]
[White "Begunov, Konstantin"]
[Black "Yeletsky, Ivan"]
[WhiteFideId "4118510"]
[BlackFideId "24180327"]
[WhiteElo "2405"]
[BlackElo "2945"]
[Result "0-1"]
[Round "2"]
[TimeControl "180+1"]
[Date "2023.11.07"]
[WhiteClock "0:00:13"]
[BlackClock "0:01:05"]
[Board "136"]

1. d4 d6 2. e4 Nf6 3. f3 e5 4. Ne2 Nbd7 5. Be3 d5 6. Nbc3 dxe4 7. dxe5 Nxe5 8. Qxd8+ Kxd8 9. O-O-O+ Bd6 10. Bf4 Bd7 11. Nd4 Nd3+ 12. cxd3 Bxf4+ 13. Kc2 exf3 14. g3 Bh6 15. Nxf3 Ng4 16. Ne4 Ne3+ 17. Kd2 Nxf1+ 18. Ke2 Ne3 0-1


[Site "https://www.chess.com"]

[Event "Titled Tuesday Blitz November 07 Early 2023"]
[White "Kovalev, Vladislav"]
[Black "Todorovic, Bojan"]
[WhiteFideId "13504398"]
[BlackFideId "917087"]
[WhiteElo "2916"]
[BlackElo "2404"]
[Result "1-0"]
[Round "2"]
[TimeControl "180+1"]
[Date "2023.11.07"]
[WhiteClock "0:01:09"]
[BlackClock "0:00:05"]
[Board "137"]

1. e4 g6 2. d4 Bg7 3. Nc3 d6 4. Be3 a6 5. Qd2 Nd7 6. O-O-O b5 7. h4 Bb7 8. f3 h5 9. Nh3 e6 10. Ng5 Ngf6 11. Kb1 Qe7 12. Ne2 c5 13. dxc5 dxc5 14. Bf4 e5 15. Be3 Nb6 16. b3 O-O 17. Qd6 Qxd6 18. Rxd6 Nfd7 19. Nc3 Rfd8 20. Be2 Bf8 21. Rd2 b4 22. Nd1 c4 23. Rxd7 Nxd7 24. Bxc4 Bc5 25. Nxf7 Bxe3 26. Nxd8+ Kh7 27. Nxb7 1-0


[Site "https://www.chess.com"]

[Event "Titled Tuesday Blitz November 07 Early 2023"]
[White "Ashraf, Artin"]
[Black "Bashirli, Saadat"]
[WhiteFideId "22514805"]
[BlackFideId "13429990"]
[WhiteElo "2886"]
[BlackElo "2402"]
[Result "1-0"]
[Round "2"]
[TimeControl "180+1"]
[Date "2023.11.07"]
[WhiteClock "0:00:54"]
[BlackClock "0:00:08"]
[Board "138"]

1. d4 Nf6 2. c4 g6 3. Nc3 Bg7 4. e4 d6 5. Nf3 O-O 6. Be2 c5 7. O-O Nc6 8. d5 Nb8 9. h3 Nbd7 10. Bf4 Qa5 11. Bh2 a6 12. Re1 Rb8 13. a4 Qb4 14. a5 b5 15. cxb5 axb5 16. a6 c4 17. a7 Ra8 18. Nd4 Qxb2 19. Ncxb5 Bb7 20. Bxc4 Qb4 21. Bf1 Rfc8 22. Re3 Nc5 23. f3 Bh6 24. Rea3 Ba6 25. Bg3 Bxb5 26. Nxb5 Bg7 27. Be1 Qb2 28. Bc3 Qxa1 29. Qxa1 h5 30. Nd4 Nb7 31. Nc6 Nc5 32. Nxe7+ Kf8 33. Nxc8 1-0


[Site "https://www.chess.com"]

[Event "Titled Tuesday Blitz November 07 Early 2023"]
[White "AlmasRakhmatullaev"]
[Black "La Villa Rivas, Marlon Javier"]
[BlackFideId "3519546"]
[WhiteElo "2885"]
[BlackElo "2401"]
[Result "1-0"]
[Round "2"]
[TimeControl "180+1"]
[Date "2023.11.07"]
[WhiteClock "0:02:02"]
[BlackClock "0:00:42"]
[Board "139"]

1. e4 e6 2. d4 d5 3. Nc3 Bb4 4. Ne2 dxe4 5. a3 Bxc3+ 6. Nxc3 Nc6 7. d5 exd5 8. Qxd5 Be6 9. Qxe4 Nf6 10. Qa4 Qd4 11. Bb5 Qxa4 12. Nxa4 O-O-O 13. Bxc6 bxc6 14. O-O Bc4 15. Re1 Rhe8 16. Bg5 Re6 17. Bxf6 Rxf6 18. Nc5 Rf5 19. b4 a5 20. f3 Rfd5 21. Re4 Rd1+ 22. Rxd1 Rxd1+ 23. Kf2 Rd2+ 24. Ke1 f5 25. Rxc4 Rxg2 26. bxa5 Rxh2 27. a6 Kb8 28. Rb4+ Ka8 29. Rb7 Rxc2 30. Ne6 1-0


[Site "https://www.chess.com"]